[Event "Titled Tuesday Blitz November 29 Early 2022"]
[White "Buscar, Michael"]
[Black "Palacio,Igor Da Paz"]
[WhiteFideId "2603616"]
[BlackFideId "2121140"]
[WhiteElo "2010"]
[BlackElo "2126"]
[Result "1-0"]
[Round "07"]
[TimeControl "180+1"]
[Date "2022.11.30"]
[WhiteClock "0:00:15"]
[BlackClock "0:00:02"]

1. Nf3 Nf6 2. g3 g6 3. Bg2 Bg7 4. d3 O-O 5. Bg5 d6 6. Qc1 h5 7. Bh6 Kh7 8. Ng5+ Kg8 9. Bxg7 Kxg7 10. Nd2 Nc6 11. Nde4 Nxe4 12. Nxe4 e5 13. c4 h4 14. Qg5 h3 15. Bf3 Nd4 16. O-O Nxf3+ 17. exf3 f5 18. Qxd8 Rxd8 19. Ng5 Kf6 20. Nxh3 f4 21. Kg2 g5 22. g4 Bd7 23. Ng1 Bc6 24. Ne2 Rh8 25. h3 Rab8 26. Nc3 Rh4 27. a4 Rbh8 28. Rh1 a5 29. Rab1 b6 30. Nd5+ Bxd5 31. cxd5 R4h7 32. Rbc1 e4 33. fxe4 Ke5 34. Rc4 Re7 35. f3 Rhh7 36. d4+ Kf6 37. Rhc1 Kg6 38. b4 Kf6 39. bxa5 bxa5 40. Rc6 Reg7 41. Rb1 Rh4 42. Rbc1 Rgh7 43. Rh1 Rg7 44. Ra6 Rgh7 45. Rxa5 Ke7 46. Ra8 Kd7 47. a5 Rh8 48. Rxh8 Rxh8 49. Ra1 Ra8 50. a6 Kc8 51. a7 Kb7 52. h4 gxh4 53. Kh3 Kc8 54. Kxh4 Kd7 55. Kg5 Ke7 56. Kxf4 Kf6 57. g5+ Kg6 58. Kg4 Kg7 59. f4 Kf7 60. f5 Kg7 61. e5 dxe5 62. dxe5 Kf7 63. g6+ Kg7 64. Kg5 1-0


[Site "https://www.chess.com"]

[Event "Titled Tuesday Blitz November 29 Early 2022"]
[White "Caruana, Fabiano"]
[Black "Sadhwani, Raunak"]
[WhiteFideId "2020009"]
[BlackFideId "35093487"]
[WhiteElo "3075"]
[BlackElo "2993"]
[Result "1-0"]
[Round "07"]
[TimeControl "180+1"]
[Date "2022.11.30"]
[WhiteClock "0:01:33"]
[BlackClock "0:01:01"]

1. d4 Nf6 2. c4 e6 3. Nc3 d5 4. cxd5 Nxd5 5. e4 Nxc3 6. bxc3 c5 7. Rb1 Be7 8. Nf3 O-O 9. Be3 b6 10. Bd3 Bb7 11. h4 cxd4 12. cxd4 Nc6 13. e5 g6 14. Be4 Na5 15. Bxb7 Nxb7 16. Bg5 Re8 17. Qd2 Qd5 18. O-O h5 19. Bxe7 Rxe7 20. Qh6 Rd7 21. Ng5 Rad8 22. Nh7 1-0


[Site "https://www.chess.com"]

[Event "Titled Tuesday Blitz November 29 Early 2022"]
[White "Costachi, Mihnea"]
[Black "sabkeIXO"]
[WhiteFideId "1217518"]
[WhiteElo "2424"]
[BlackElo "2504"]
[Result "1-0"]
[Round "07"]
[TimeControl "180+1"]
[Date "2022.11.30"]
[WhiteClock "0:00:05"]
[BlackClock "0:00:22"]

1. e4 d5 2. exd5 Nf6 3. d4 Nxd5 4. c4 Nb6 5. Nc3 Nc6 6. d5 Ne5 7. Nf3 Bg4 8. c5 Nbd7 9. Be3 e6 10. Nxe5 Bxd1 11. Bb5 Bh5 12. Bxd7+ Qxd7 13. Nxd7 Kxd7 14. f3 e5 15. O-O-O f5 16. b4 a5 17. b5 b6 18. d6 bxc5 19. dxc7+ Kxc7 20. Rd5 Bf7 21. Rxe5 Bd6 22. Rxf5 Be6 23. Rg5 g6 24. Ne4 Bf5 25. Nxd6 Kxd6 26. Rd1+ Ke5 27. Rg3 Rhd8 28. f4+ Ke6 29. Rxd8 Rxd8 30. b6 c4 31. Bc5 Kd5 32. Bf2 Kc6 33. Rc3 Bd3 34. Kd2 Re8 35. Be3 h6 36. Rc1 h5 37. g3 Kb7 38. Re1 Re6 39. Kc3 h4 40. gxh4 Re8 41. Kd2 Rh8 42. Bf2 Bf5 43. Re7+ Kc6 44. Rc7+ Kd6 45. Bc5+ Kd5 46. b7 Rxh4 47. b8=Q Rxh2+ 48. Ke1 Rh1+ 49. Kf2 Ke4 50. Qb7+ Kd3 51. Rd7+ Kc2 52. Qxh1 c3 53. Qd1+ Kb2 54. Qb3+ Kc1 55. Rd1# 1-0


[Site "https://www.chess.com"]

[Event "Titled Tuesday Blitz November 29 Early 2022"]
[White "Cramling Bellon, Anna"]
[Black "D`Arruda, Ricardo D."]
[WhiteFideId "32009232"]
[BlackFideId "100692"]
[WhiteElo "1972"]
[BlackElo "2465"]
[Result "0-1"]
[Round "07"]
[TimeControl "180+1"]
[Date "2022.11.30"]
[WhiteClock "0:00:01"]
[BlackClock "0:00:47"]

1. d4 Nf6 2. c4 e5 3. dxe5 Ne4 4. a3 Nc6 5. Nf3 d6 6. exd6 Bxd6 7. e3 Bf5 8. Bd2 Qf6 9. Nc3 O-O-O 10. Qa4 Nc5 11. Qd1 Nd3+ 12. Bxd3 Bxd3 13. Nd5 Qg6 14. Bc3 Qf5 15. Nh4 Qe4 16. f3 Qxh4+ 17. g3 Bxg3+ 18. Kd2 Qxc4 19. hxg3 Rxd5 20. Ke1 Re8 21. Kf2 Bg6 22. Qe1 Ne5 0-1


[Site "https://www.chess.com"]

[Event "Titled Tuesday Blitz November 29 Early 2022"]
[White "Czopor, Maciej"]
[Black "Putnam, Liam"]
[WhiteFideId "21805431"]
[BlackFideId "30938279"]
[WhiteElo "2324"]
[BlackElo "2082"]
[Result "1-0"]
[Round "07"]
[TimeControl "180+1"]
[Date "2022.11.30"]
[WhiteClock "0:00:16"]
[BlackClock "0:00:04"]

1. c4 e5 2. Nc3 Nc6 3. e3 f5 4. a3 Nf6 5. b4 g6 6. Bb2 Bg7 7. d3 O-O 8. Nf3 d6 9. Be2 h6 10. O-O g5 11. b5 Ne7 12. d4 e4 13. Ne1 f4 14. exf4 gxf4 15. f3 Nf5 16. Nxe4 Nxe4 17. fxe4 Ne3 18. Qb3 Nxf1 19. Bxf1 Qe7 20. Nf3 c5 21. bxc6 bxc6 22. Re1 Bg4 23. c5+ Be6 24. d5 Rab8 25. Qc4 Rxb2 26. dxe6 dxc5 27. Rd1 Rb7 28. Nh4 Kh7 29. Nf5 Qg5 30. e7 Rxe7 31. Nxe7 Qxe7 32. Be2 Bd4+ 33. Kh1 Rb8 34. Bf3 Kg7 35. Qa6 Rb6 36. Qc8 Qd6 37. Qg4+ Kh7 38. Qf5+ Kg7 39. Qg4+ Kh7 40. Qf5+ Kh8 41. a4 Rb8 42. a5 Rf8 43. Qh5 Kg7 44. Qg4+ Kh7 45. a6 c4 46. e5 Qxe5 47. Qd7+ Qg7 48. Qxd4 Qxd4 49. Rxd4 Rb8 50. h4 c3 51. Rc4 Rb1+ 52. Kh2 Rc1 53. Bxc6 Kg7 54. Be4 Kf6 55. Rc5 Re1 56. Bd3 Rc1 57. Kh3 Ke6 58. Kg4 Kd6 59. Rc4 Kd5 60. Kxf4 Kd6 61. Ke4 Ke6 62. Kd4 Kd6 63. Rxc3 Rg1 64. Be4 Re1 65. Rc6+ Kd7 66. Rxh6 Rd1+ 67. Ke5 Re1 68. Rh7+ Kd8 69. Rxa7 Kc8 70. Rg7 Kb8 71. a7+ 1-0


[Site "https://www.chess.com"]

[Event "Titled Tuesday Blitz November 29 Early 2022"]
[White "Deac, Bogdan-Daniel"]
[Black "Corrales Jimenez, Fidel"]
[WhiteFideId "1226380"]
[BlackFideId "3506690"]
[WhiteElo "3048"]
[BlackElo "2876"]
[Result "1-0"]
[Round "07"]
[TimeControl "180+1"]
[Date "2022.11.30"]
[WhiteClock "0:00:04"]
[BlackClock "0:00:12"]

1. d4 Nf6 2. c4 g6 3. Nc3 d5 4. cxd5 Nxd5 5. e4 Nxc3 6. bxc3 Bg7 7. Nf3 c5 8. Bb5+ Nc6 9. O-O O-O 10. Bxc6 bxc6 11. Qc2 Qa5 12. a4 cxd4 13. cxd4 Ba6 14. Rd1 c5 15. Bd2 Qc7 16. Be3 Rac8 17. Rac1 c4 18. d5 c3 19. Nd4 Rb8 20. Qxc3 Qe5 21. Qc2 Qh5 22. Nc6 Rb2 23. Qc5 Be2 24. Rd2 Rxd2 25. Bxd2 Kh8 26. Qxe7 Bd3 27. f3 Kg8 28. d6 Bh6 29. Qf6 Bg7 30. Qf4 Bb2 31. Ne7+ Kg7 32. Bc3+ Bxc3 33. Rxc3 Qa5 34. Qc1 Qb6+ 35. Kh1 Qxd6 36. Nd5 Ba6 37. Qb2 Qe5 38. f4 Rb8 39. fxe5 Rxb2 40. h3 Bf1 41. Ne3 Rb1 42. Kh2 Re1 43. Kg3 Ba6 44. Kf3 Kh6 45. Rc6 Bb7 46. Rc7 Ba6 47. Rxa7 Bd3 48. Rxf7 Ra1 49. h4 g5 50. Nf5+ Kh5 51. Rxh7+ Kg6 52. Rg7+ Kh5 53. g4# 1-0


[Site "https://www.chess.com"]

[Event "Titled Tuesday Blitz November 29 Early 2022"]
[White "Devaev, Alexander"]
[Black "Putri, Regita Desyari"]
[WhiteFideId "4169395"]
[BlackFideId "7109083"]
[WhiteElo "2225"]
[BlackElo "1930"]
[Result "1-0"]
[Round "07"]
[TimeControl "180+1"]
[Date "2022.11.30"]
[WhiteClock "0:01:27"]
[BlackClock "0:00:19"]

1. d4 Nf6 2. c4 g6 3. Nc3 d5 4. Nf3 Bg7 5. Bg5 dxc4 6. e4 O-O 7. Bxc4 Nc6 8. h3 a6 9. a4 h6 10. Be3 Na5 11. Ba2 Rb8 12. b4 Nc6 13. Rb1 Nd7 14. b5 axb5 15. axb5 Na5 16. O-O Nb6 17. Qe2 1-0


[Site "https://www.chess.com"]

[Event "Titled Tuesday Blitz November 29 Early 2022"]
[White "Donskov, Anatoly"]
[Black "Maksimenko, Viktor"]
[WhiteFideId "24143413"]
[BlackFideId "13710478"]
[WhiteElo "2219"]
[BlackElo "2277"]
[Result "0-1"]
[Round "07"]
[TimeControl "180+1"]
[Date "2022.11.30"]
[WhiteClock "0:00:02"]
[BlackClock "0:00:42"]

1. e4 e5 2. Nf3 Nc6 3. Bb5 a6 4. Ba4 Nf6 5. Qe2 b5 6. Bb3 Bc5 7. c3 O-O 8. O-O d6 9. Rd1 Bb6 10. d3 h6 11. Nbd2 Be6 12. Nf1 Re8 13. Ng3 Ne7 14. d4 exd4 15. cxd4 Ng6 16. Bc2 Qe7 17. b3 c5 18. dxc5 Bxc5 19. h3 Rac8 20. Bb2 Nf4 21. Qd2 Ng6 22. Re1 Nd7 23. Nf5 Bxf5 24. exf5 Nge5 25. Nd4 Bxd4 26. Bxd4 Qg5 27. Qxg5 hxg5 28. Rac1 Kf8 29. Kf1 Nc5 30. Red1 f6 31. Bb1 Ke7 32. f3 Red8 33. b4 Ncd7 34. Be4 Rc4 35. Rxc4 Nxc4 36. Bd5 Nde5 37. g3 Rh8 38. Kg2 a5 39. Re1 axb4 40. f4 gxf4 41. gxf4 Ra8 42. fxe5 Rxa2+ 43. Kg3 fxe5 44. Bf2 b3 45. Kf3 b2 46. Bh4+ Kd7 47. Be6+ Kc6 48. Ke4 Ra1 49. Bd5+ Kc5 50. Bf2+ Kb4 51. Kd3 Rc1 0-1


[Site "https://www.chess.com"]

[Event "Titled Tuesday Blitz November 29 Early 2022"]
[White "Dudzinski, Pawel"]
[Black "Womacka, Mathias"]
[WhiteFideId "1117890"]
[BlackFideId "4611390"]
[WhiteElo "2086"]
[BlackElo "2378"]
[Result "0-1"]
[Round "07"]
[TimeControl "180+1"]
[Date "2022.11.30"]
[WhiteClock "0:00:06"]
[BlackClock "0:00:08"]

1. e4 c5 2. c4 Nc6 3. Nc3 g6 4. g3 Bg7 5. Bg2 e6 6. Nge2 Nge7 7. Rb1 O-O 8. d3 d6 9. a3 a5 10. Nb5 d5 11. exd5 exd5 12. cxd5 Nxd5 13. O-O Be6 14. Nf4 Nxf4 15. Bxf4 Qd7 16. Nc7 Rad8 17. Nxe6 Qxe6 18. Re1 Qd7 19. Be3 b6 20. Qa4 Ne5 21. Qxd7 Rxd7 22. b4 axb4 23. axb4 Nxd3 24. Red1 c4 25. Bf1 b5 26. Bxd3 Rxd3 27. Rxd3 cxd3 28. Rc1 Rd8 29. Bd2 Bf8 30. Rc7 h5 31. h4 Rd4 32. Rc8 Rc4 33. Rd8 Kg7 34. Rxd3 Bxb4 35. Bxb4 Rxb4 36. Rd7 Rc4 37. Rb7 b4 38. Kg2 Kf6 39. Kh3 Ke6 40. Kg2 f6 41. Rb6+ Ke5 42. Kh3 g5 43. Rb5+ Kd4 44. hxg5 fxg5 45. Rxg5 b3 46. Rxh5 Rb4 47. Kg4 b2 48. Rh1 b1=Q 49. Rxb1 Rxb1 50. Kf5 Kd5 51. f4 Kd6 52. g4 Ke7 53. Kg6 Kf8 54. f5 Kg8 55. g5 Rb6+ 56. f6 Rb5 57. Kh6 Kf7 58. Kh7 Rxg5 59. Kh8 Rg1 60. Kh7 Kxf6 61. Kh8 Kf7 0-1


[Site "https://www.chess.com"]

[Event "Titled Tuesday Blitz November 29 Early 2022"]
[White "Durarbayli, Vasif"]
[Black "Aaditya Dhingra"]
[WhiteFideId "13402935"]
[BlackFideId "25678191"]
[WhiteElo "2586"]
[BlackElo "2054"]
[Result "0-1"]
[Round "07"]
[TimeControl "180+1"]
[Date "2022.11.30"]
[WhiteClock "0:00:13"]
[BlackClock "0:00:43"]

1. e4 c6 2. d4 d5 3. e5 Bf5 4. Nf3 e6 5. Be2 Nd7 6. O-O h6 7. a4 Ne7 8. a5 a6 9. b4 Qc7 10. Nbd2 g5 11. Nb3 O-O-O 12. Nc5 Nxc5 13. bxc5 Bg7 14. Rb1 Rdg8 15. Rb6 f6 16. exf6 Bxf6 17. Be3 g4 18. Ne5 Bxe5 19. dxe5 Ng6 20. Qd2 Nh4 21. Rfb1 Nf3+ 22. Bxf3 gxf3 23. g3 Rg7 24. h4 Rhg8 25. Kh2 Qxe5 26. Bf4 Qe4 27. Re1 Qc4 28. Be5 Qg4 0-1


[Site "https://www.chess.com"]

[Event "Titled Tuesday Blitz November 29 Early 2022"]
[White "Dzhaparov, Medet"]
[Black "Nepo"]
[WhiteFideId "13803689"]
[WhiteElo "1702"]
[BlackElo "2129"]
[Result "0-1"]
[Round "07"]
[TimeControl "180+1"]
[Date "2022.11.30"]
[WhiteClock "0:00:17"]
[BlackClock "0:00:31"]

1. e4 e5 2. Nf3 Nf6 3. Nxe5 d6 4. Nf3 Nxe4 5. d4 d5 6. Bd3 Be7 7. O-O Nc6 8. Re1 Bf5 9. c3 O-O 10. Bf4 Bd6 11. Bxd6 Qxd6 12. Nbd2 Rae8 13. Qc2 Qf4 14. b4 a6 15. Rad1 Re6 16. h3 Rfe8 17. Kf1 Bg6 18. Re3 Ng3+ 19. Kg1 Rxe3 20. fxe3 Qxe3+ 21. Kh2 Qf4 22. Qc1 Ne2+ 23. Kh1 Nxc1 24. Rxc1 Bxd3 0-1


[Site "https://www.chess.com"]

[Event "Titled Tuesday Blitz November 29 Early 2022"]
[White "Estrada Nieto, Julian"]
[Black "Mihailidis, Anastasios"]
[WhiteFideId "5101018"]
[BlackFideId "4205588"]
[WhiteElo "2221"]
[BlackElo "2312"]
[Result "0-1"]
[Round "07"]
[TimeControl "180+1"]
[Date "2022.11.30"]
[WhiteClock "0:00:17"]
[BlackClock "0:00:43"]

1. e4 c5 2. Nf3 d6 3. Bb5+ Bd7 4. Bxd7+ Qxd7 5. O-O Nf6 6. Re1 g6 7. c3 Bg7 8. d4 cxd4 9. cxd4 O-O 10. Nc3 e6 11. Bg5 Nc6 12. Qd2 a6 13. Bh6 Rac8 14. Bxg7 Kxg7 15. e5 dxe5 16. dxe5 Nd5 17. Nxd5 Qxd5 18. Qg5 Qd8 19. Qg4 h5 20. Qf4 Qe7 21. Rad1 Rcd8 22. h4 Nb4 23. Rd6 Nd3 24. Qf6+ Qxf6 25. exf6+ Kxf6 26. Rxd8 Rxd8 27. Rd1 Rd7 28. Ng5 Nc5 29. Rc1 Na4 30. b3 Nb6 31. Kf1 Nd5 32. g3 Rc7 33. Ne4+ Ke5 34. Rxc7 Nxc7 35. Nc5 b5 36. Ke2 Kd4 37. Nd7 Kc3 38. Ne5 Kb2 39. Kd3 Nd5 40. Nxf7 Nb4+ 41. Kd4 Nxa2 42. Nd8 Kxb3 43. Nxe6 a5 44. Kc5 b4 45. Kb5 Kc3 46. Nc5 b3 47. Nxb3 Kxb3 48. Kxa5 Kc4 49. Kb6 Kd5 50. Kc7 Ke6 51. Kd8 Nc3 52. Ke8 Ne4 53. Kf8 Kf6 54. Kg8 Nxf2 55. Kh7 Ne4 56. Kh6 Nxg3 0-1


[Site "https://www.chess.com"]

[Event "Titled Tuesday Blitz November 29 Early 2022"]
[White "Fabris, Alberto"]
[Black "Ravot, Sylvain"]
[WhiteFideId "801348"]
[BlackFideId "627763"]
[WhiteElo "2138"]
[BlackElo "2195"]
[Result "0-1"]
[Round "07"]
[TimeControl "180+1"]
[Date "2022.11.30"]
[WhiteClock "0:00:34"]
[BlackClock "0:00:05"]

1. d4 d5 2. Nf3 Nf6 3. Bf4 c5 4. e3 Nc6 5. c3 Qb6 6. Qb3 c4 7. Qxb6 axb6 8. Nbd2 b5 9. Ne5 Bf5 10. Be2 e6 11. O-O b4 12. cxb4 Bxb4 13. Ndf3 Nd7 14. a3 Be7 15. Rac1 f6 16. Nxd7 Kxd7 17. h3 b5 18. g4 Bg6 19. Bg3 h6 20. Nd2 Bd6 21. f4 Rhb8 22. Kg2 b4 23. axb4 Rxb4 24. f5 Rxb2 25. Be1 Bf7 26. Bf3 Raa2 27. Rf2 Nb4 28. Rb1 Nd3 29. Rxb2 Rxb2 30. fxe6+ Bxe6 31. Nxc4 dxc4 32. Rxb2 Nxb2 33. Bc3 Nd3 34. e4 Bb4 35. Bxb4 Nxb4 36. d5 Bf7 37. Kf2 c3 38. Ke3 Kd6 39. Be2 Kc5 40. h4 Be8 41. g5 hxg5 42. hxg5 Ba4 43. gxf6 gxf6 44. Kf4 Bb3 45. Kf5 c2 46. Kxf6 c1=Q 47. e5 Qf4+ 48. Ke6 Bxd5+ 49. Ke7 Qxe5+ 50. Kf8 Qxe2 51. Kg7 Bc4 52. Kg6 Na2 0-1


[Site "https://www.chess.com"]

[Event "Titled Tuesday Blitz November 29 Early 2022"]
[White "Fedoseev, Vladimir"]
[Black "Santos Ruiz, Miguel"]
[WhiteFideId "24130737"]
[BlackFideId "22291482"]
[WhiteElo "3022"]
[BlackElo "2868"]
[Result "1-0"]
[Round "07"]
[TimeControl "180+1"]
[Date "2022.11.30"]
[WhiteClock "0:00:12"]
[BlackClock "0:00:05"]

1. e4 e5 2. Nf3 Nc6 3. Bc4 Bc5 4. d3 Nf6 5. O-O d6 6. a4 a6 7. c3 Ba7 8. Re1 h6 9. Be3 Bxe3 10. Rxe3 O-O 11. Nbd2 Re8 12. h3 Be6 13. Qe1 d5 14. exd5 Nxd5 15. Bxd5 Qxd5 16. b4 Rad8 17. c4 Qd6 18. b5 Nb4 19. Ne4 Qf8 20. Qc3 f5 21. Ned2 f4 22. Rxe5 Nxd3 23. Re4 Qc5 24. Nd4 Bf5 25. N2b3 Qf8 26. Rxe8 Rxe8 27. Rd1 Nc5 28. Nxf5 Qxf5 29. Nxc5 Qxc5 30. Rd7 Re7 31. Rd8+ Kf7 32. Rd5 Qb6 33. Rf5+ Kg8 34. Rxf4 axb5 35. axb5 Qe6 36. Qf3 b6 37. Kh2 Qe5 38. g3 Kh7 39. Kg2 Qd6 40. h4 Re5 41. h5 Qc5 42. g4 Qd6 43. Rf5 Rxf5 44. Qxf5+ Kg8 45. Qd5+ Qxd5+ 46. cxd5 Kf7 47. Kf3 Kf6 48. Ke4 Kg5 49. f3 Kh4 50. Kf5 Kh3 51. Kg6 1-0


[Site "https://www.chess.com"]

[Event "Titled Tuesday Blitz November 29 Early 2022"]
[White "Fernandez De La Vara, Arnaldo"]
[Black "Dardha, Daniel"]
[WhiteFideId "3518388"]
[BlackFideId "240990"]
[WhiteElo "2387"]
[BlackElo "2528"]
[Result "1-0"]
[Round "07"]
[TimeControl "180+1"]
[Date "2022.11.30"]
[WhiteClock "0:00:02"]
[BlackClock "0:00:01"]

1. Nf3 d5 2. g3 b6 3. Bg2 Bb7 4. c4 dxc4 5. Na3 Nd7 6. Nxc4 e6 7. O-O Ngf6 8. d4 Be7 9. Nfe5 Bxg2 10. Kxg2 Nxe5 11. Nxe5 Qd5+ 12. f3 O-O 13. e4 Qb7 14. Be3 Rfd8 15. Qc2 c5 16. dxc5 bxc5 17. Rfd1 h6 18. b3 a5 19. Qc4 Rdc8 20. Qa4 Rd8 21. Qc6 Qb4 22. Qc7 Re8 23. Nc6 Qc3 24. Nxe7+ Rxe7 25. Qxe7 Qxe3 26. Rf1 a4 27. b4 Qd2+ 28. Rf2 Qxb4 29. Rc1 Rc8 30. Rfc2 Qa3 31. Qd6 h5 32. h4 Qe3 33. Qd2 Qa3 34. Qc3 Qxc3 35. Rxc3 Nd7 36. Rb1 Rc6 37. Rb7 Ne5 38. Rb5 Rd6 39. Rc2 Nd3 40. Kf1 Ne5 41. Ke2 Nc6 42. Rcxc5 Nd4+ 43. Ke3 Nxb5 44. Rxb5 Rd1 45. Ra5 Rg1 46. Kf2 Ra1 47. Rxa4 e5 48. Ra8+ Kh7 49. Ra5 f6 50. Ra7 Kg6 51. Kg2 Kh7 52. f4 exf4 53. gxf4 Kg6 54. a4 Ra3 55. f5+ Kh6 56. a5 g5 57. Rf7 1-0


[Site "https://www.chess.com"]

[Event "Titled Tuesday Blitz November 29 Early 2022"]
[White "Fernandez Garcia, Gumersindo"]
[Black "Deev, Andrei"]
[WhiteFideId "24516740"]
[BlackFideId "4102690"]
[WhiteElo "2140"]
[BlackElo "2314"]
[Result "1-0"]
[Round "07"]
[TimeControl "180+1"]
[Date "2022.11.30"]
[WhiteClock "0:00:18"]
[BlackClock "0:00:03"]

1. e4 d6 2. d4 Nf6 3. Nc3 c6 4. Bc4 b5 5. Bd3 b4 6. Nce2 e6 7. f4 d5 8. e5 Nfd7 9. Nf3 c5 10. dxc5 Bxc5 11. Ned4 Qb6 12. Nb3 Bf2+ 13. Kf1 Bc5 14. Qe2 Be7 15. Be3 Qc7 16. g3 g6 17. Kg2 a5 18. Rac1 Ba6 19. c3 Bxd3 20. Qxd3 Qb7 21. c4 dxc4 22. Rxc4 O-O 23. Rhc1 a4 24. Nd4 Na6 25. Nc6 Bc5 26. Bxc5 Ndxc5 27. Rxc5 Nxc5 28. Rxc5 Rac8 29. Qc4 Rc7 30. Kf2 Rfc8 31. Nfd4 b3 32. axb3 axb3 33. Ne7+ Rxe7 34. Rxc8+ Kg7 35. Rc6 Rd7 36. Ke3 Qa7 37. Rd6 Rc7 38. Qxb3 Qa1 39. Qd3 Qxb2 40. Rc6 Ra7 41. Rc2 Qb1 42. Ne2 Qh1 43. h4 Qh2 44. Kd2 Ra1 45. Rc1 Ra2+ 46. Rc2 Ra1 47. Qd4 Rf1 48. Qe3 Qh1 49. h5 1-0


[Site "https://www.chess.com"]

[Event "Titled Tuesday Blitz November 29 Early 2022"]
[White "Fernandez Hernandez, Gerardo"]
[Black "Grabinsky, Vladimir"]
[WhiteFideId "2207400"]
[BlackFideId "14107074"]
[WhiteElo "2217"]
[BlackElo "2198"]
[Result "0-1"]
[Round "07"]
[TimeControl "180+1"]
[Date "2022.11.30"]
[WhiteClock "0:00:08"]
[BlackClock "0:00:26"]

1. e4 c5 2. d3 Nc6 3. g3 g6 4. Bg2 Bg7 5. f4 d6 6. Nf3 e5 7. f5 gxf5 8. Nh4 f4 9. O-O Bf6 10. Qh5 Bxh4 11. gxh4 Nf6 12. Qd1 Rg8 13. Kh1 Bg4 14. Qe1 Nd4 15. Na3 Qd7 16. c3 Nc6 17. Nc4 O-O-O 18. b4 cxb4 19. cxb4 Kb8 20. b5 Nd4 21. Bb2 f3 22. Bxd4 fxg2+ 23. Kxg2 Bh3+ 24. Kh1 Bg2+ 25. Kg1 Bf3+ 26. Kf2 Qh3 27. Bxa7+ Kxa7 28. Qe3+ Kb8 29. Qxf3 Qxh2+ 30. Ke1 Nh5 31. Qxh5 Rg2 32. b6 Qg3+ 33. Kd1 Qxd3+ 34. Ke1 Qxc4 35. Qf3 Qb4+ 36. Kd1 Qd2# 0-1


[Site "https://www.chess.com"]

[Event "Titled Tuesday Blitz November 29 Early 2022"]
[White "Fiedorek, Michal"]
[Black "Cappelletto, Joshuaede"]
[WhiteFideId "1199528"]
[BlackFideId "2824383"]
[WhiteElo "2201"]
[BlackElo "2237"]
[Result "0-1"]
[Round "07"]
[TimeControl "180+1"]
[Date "2022.11.30"]
[WhiteClock "0:01:16"]
[BlackClock "0:01:19"]

1. e4 c5 2. Nf3 d6 3. d4 cxd4 4. Nxd4 Nf6 5. Nc3 g6 6. Be3 Bg7 7. f3 O-O 8. Qd2 Nc6 9. g4 Be6 10. O-O-O Nxd4 11. Bxd4 Qa5 12. a3 Rfc8 13. h4 h5 14. gxh5 Qxh5 15. Be2 Rab8 16. f4 Bg4 17. e5 Bxe2 18. Nxe2 dxe5 19. fxe5 Bh6 20. Be3 Ne4 21. Qd4 Qxe2 22. Bxh6 Qxc2# 0-1


[Site "https://www.chess.com"]

[Event "Titled Tuesday Blitz November 29 Early 2022"]
[White "Figorito, Nick"]
[Black "Vargas Pereda, Jesus Manue"]
[WhiteFideId "30923689"]
[BlackFideId "5115710"]
[WhiteElo "2368"]
[BlackElo "1950"]
[Result "1-0"]
[Round "07"]
[TimeControl "180+1"]
[Date "2022.11.30"]
[WhiteClock "0:01:07"]
[BlackClock "0:00:35"]

1. Nf3 Nf6 2. g3 g6 3. Bg2 Bg7 4. O-O O-O 5. c4 d6 6. Nc3 c6 7. d3 e5 8. Rb1 Be6 9. e4 Ne8 10. b4 f5 11. b5 f4 12. bxc6 bxc6 13. h3 Nd7 14. g4 g5 15. Ba3 h5 16. Nh2 Rf6 17. f3 hxg4 18. fxg4 Qe7 19. Nf3 Rh6 20. Qa4 c5 21. Rb7 Rb8 22. Rfb1 Rxb7 23. Rxb7 Rh7 24. Nd5 Qf7 25. Nxg5 Qg6 26. Nxe6 Qxe6 27. Qxd7 1-0


[Site "https://www.chess.com"]

[Event "Titled Tuesday Blitz November 29 Early 2022"]
[White "Firouzja, Alireza"]
[Black "Jobava, Baadur"]
[WhiteFideId "12573981"]
[BlackFideId "13601520"]
[WhiteElo "3139"]
[BlackElo "3053"]
[Result "1-0"]
[Round "07"]
[TimeControl "180+1"]
[Date "2022.11.30"]
[WhiteClock "0:00:07"]
[BlackClock "0:00:08"]

1. d4 d5 2. Bg5 c6 3. Nf3 Bf5 4. c4 h6 5. Bh4 g5 6. Bg3 e6 7. Nc3 Nd7 8. Qb3 Qb6 9. c5 Qxb3 10. axb3 a6 11. b4 Rc8 12. e3 Ngf6 13. h3 Be7 14. Nd2 Bd8 15. Nb3 h5 16. Na5 Bxa5 17. bxa5 h4 18. Bd6 Kd8 19. Ra4 Ne8 20. Rb4 Nxd6 21. cxd6 Rb8 22. Na4 b5 23. Nc5 Ra8 24. Be2 Nf6 25. f3 Bg6 26. e4 dxe4 27. O-O Nd5 28. Rb3 e3 29. Rc1 Ra7 30. Ra3 Re8 31. Bd3 Bxd3 32. Rxd3 f5 33. Kf1 f4 34. Rdd1 Rd7 35. Ne4 Nb4 36. Rc5 Rg8 37. Re5 Rg6 38. Ke2 Nd5 39. Rc1 Nb4 40. Rcc5 Kc8 41. Rxg5 Rxg5 42. Rxg5 Kb7 43. Nc5+ Kc8 44. Rg8+ Rd8 45. d7+ Kc7 46. Nxe6+ Kxd7 47. Nxd8 Nc2 48. Nf7 Nxd4+ 49. Kf1 Ke6 50. Ng5+ Kd5 51. Rd8+ Kc4 52. Ne4 c5 53. Rc8 Nb3 54. Ke1 b4 55. Rd8 Nxa5 56. Rh8 Nb3 57. Rxh4 a5 58. Rh8 a4 59. Ra8 Kd3 60. Rxa4 Kc2 61. h4 Kxb2 62. h5 c4 63. Rxb4 c3 64. Nxc3 Kxc3 65. Rxb3+ Kxb3 66. h6 1-0


[Site "https://www.chess.com"]

[Event "Titled Tuesday Blitz November 29 Early 2022"]
[White "Flis, Pawel"]
[Black "Zaloznyy, Mike"]
[WhiteFideId "1112864"]
[BlackFideId "2023075"]
[WhiteElo "1817"]
[BlackElo "2126"]
[Result "1-0"]
[Round "07"]
[TimeControl "180+1"]
[Date "2022.11.30"]
[WhiteClock "0:00:05"]
[BlackClock "0:00:04"]

1. e4 c6 2. d4 d5 3. Nc3 dxe4 4. Nxe4 Nf6 5. Nxf6+ exf6 6. Bd3 Bd6 7. Qh5 g6 8. Qh6 Qe7+ 9. Ne2 Bg4 10. Qg7 Rf8 11. Bh6 Bxe2 12. Bxe2 Nd7 13. Qxh7 O-O-O 14. Bxf8 Nxf8 15. Qh3+ f5 16. Qe3 Qh4 17. O-O-O Bf4 18. g3 Bxe3+ 19. fxe3 Qe4 20. Kd2 Ne6 21. Rhe1 c5 22. c3 cxd4 23. exd4 Qd5 24. b3 Nc5 25. Bc4 Ne4+ 26. Kc2 Qa5 27. b4 Qc7 28. Kb3 Nxc3 29. Rc1 b5 30. Rxc3 Kb8 31. Bxb5 Qb6 32. Rc5 Rxd4 33. Re8+ Rd8 34. Re7 Qd6 35. Rcc7 Qd1+ 36. Ka3 Qf3+ 37. Ka4 Rd6 38. Rxa7 Rb6 39. Rad7 Qa8+ 40. Kb3 Qf3+ 41. Ka4 Qa8+ 42. Kb3 1-0


[Site "https://www.chess.com"]

[Event "Titled Tuesday Blitz November 29 Early 2022"]
[White "Forgacs, Attila Jr."]
[Black "Grapsa, Georgia"]
[WhiteFideId "773654"]
[BlackFideId "4206436"]
[WhiteElo "2168"]
[BlackElo "1877"]
[Result "1-0"]
[Round "07"]
[TimeControl "180+1"]
[Date "2022.11.30"]
[WhiteClock "0:00:15"]
[BlackClock "0:00:01"]

1. e4 d5 2. exd5 Qxd5 3. Nc3 Qa5 4. d4 Nf6 5. Nf3 c6 6. Bd2 Bf5 7. Bc4 e6 8. Nd5 Qd8 9. Nxf6+ gxf6 10. Bb3 Be7 11. Qe2 Nd7 12. O-O-O a5 13. a4 Bg6 14. Nh4 f5 15. Nxg6 hxg6 16. h3 Nf6 17. Bg5 Nd5 18. Bxe7 Qxe7 19. Bxd5 exd5 20. Rhe1 Qxe2 21. Rxe2+ Kd7 22. Rde1 Rae8 23. Kd2 Re4 24. c3 Rhe8 25. Kd3 Kd6 26. g3 c5 27. h4 cxd4 28. cxd4 Rc8 29. Re3 Rc4 30. Rxe4 fxe4+ 31. Ke3 Rxa4 32. g4 Rb4 33. Rh1 Ke6 34. h5 Rc4 35. h6 Rc8 36. Kf4 f6 37. g5 Rh8 38. b3 b5 39. Rc1 fxg5+ 40. Kxg5 1-0


[Site "https://www.chess.com"]

[Event "Titled Tuesday Blitz November 29 Early 2022"]
[White "Gareyev, Timur"]
[Black "Ismayil, Malak"]
[WhiteFideId "14200937"]
[BlackFideId "13412604"]
[WhiteElo "2552"]
[BlackElo "1879"]
[Result "1-0"]
[Round "07"]
[TimeControl "180+1"]
[Date "2022.11.30"]
[WhiteClock "0:00:05"]
[BlackClock "0:00:01"]

1. d4 Nf6 2. Nc3 g6 3. e4 d6 4. Bg5 Bg7 5. f4 O-O 6. Nf3 Bg4 7. Be2 c6 8. O-O d5 9. e5 Ne4 10. Bh4 Nxc3 11. bxc3 Bxf3 12. Rxf3 f5 13. g4 fxg4 14. Rf2 h5 15. h3 gxh3 16. Bd3 Qe8 17. Kh1 e6 18. Qf3 Nd7 19. Rg1 Rf5 20. Qxh3 Nf8 21. Rfg2 Qf7 22. Bxf5 exf5 23. Bf6 Bxf6 24. exf6 Qxf6 25. Qxh5 Kf7 26. Qh6 Re8 27. Rh2 Re3 28. Rh3 Re4 29. Rf3 Ne6 30. Qh7+ Qg7 31. Qh4 Qf6 32. Qh2 Qg7 33. Rh3 Qf6 34. Rh7+ Ng7 35. Qh6 Re7 36. Rh8 1-0


[Site "https://www.chess.com"]